 Dungeon Crawl Stone Soup version 0.30-a0-622-gddc90eaa04 (webtiles) character file.

Game seed: 7058345377462808

214 bmack86 the Trooper (level 5, -2/48 HPs)
             Began as a Minotaur Fighter on Jan 10, 2023.
             Slain by a water moccasin (5 damage)
             ... on level 4 of the Dungeon.
             The game lasted 00:06:26 (2528 turns).

bmack86 the Trooper (Minotaur Fighter)              Turns: 2528, Time: 00:06:27

Health: -2/48      AC: 12    Str: 22    XL:     5   Next: 59%
Magic:  13/13      EV:  7    Int: 11    God:
Gold:   127        SH:  5    Dex: 10    Spells: 4/4 levels left

rFire   x . .      SeeInvis .    a - +1 war axe
rCold   . . .      Faith    .    q - +1 buckler of Viatiq {rF- Will+ MP+9 Slay+3}
rNeg    . . .      Spirit   .    k - +0 chain mail {rPois}
rPois   +          Reflect  .    (helmet restricted)
rElec   .          Harm     .    o - +2 cloak
rCorr   .          Rampage  .    (no gloves)
Will    +....                    (no boots) Stlth
                                 (no amulet)
HPRegen 0.28/turn                t - +6 ring of intelligence
MPRegen 0.13/turn                (no ring)

@: lethally poisoned (-2 -> -9)
A: horns 2, retaliatory headbutt
a: no special abilities


You were on level 4 of the Dungeon.
You visited 1 branch of the dungeon, and saw 4 of its levels.

You collected 127 gold pieces.

Inventory:

Hand Weapons
 a - a +1 war axe (weapon)
 p - a +0 war axe
Missiles
 i - 9 poisoned darts (quivered)
 r - a throwing net
Armour
 b - a +0 scale mail
 c - a +0 buckler
 k - a +0 chain mail of poison resistance (worn)
 o - a +2 cloak (worn)
 q - the +1 buckler of Viatiq (worn) {rF- Will+ MP+9 Slay+3}
   (You found it on level 3 of the Dungeon)

   Slay:      It affects your accuracy & damage with ranged weapons and melee
   (+3).
   rF:        It makes you vulnerable to fire.
   MP:        It affects your magic capacity (+9).
   Will:      It increases your willpower.
Jewellery
 t - a +6 ring of intelligence (left hand)
Wands
 j - a wand of flame (17)
Scrolls
 e - a scroll of fog
 f - a scroll of noise
 g - a scroll of summoning
 h - 3 scrolls of teleportation
 l - 3 scrolls of poison
 m - a scroll of enchant weapon
 s - a scroll of silence {unknown}
 v - a scroll of magic mapping {unknown}
Potions
 d - 2 potions of might
 n - a potion of brilliance


   Skills:
 * Level 5.1 Fighting
 * Level 4.4 Axes
 + Level 1.3 Throwing
 + Level 4.4 Armour
 + Level 4.4 Shields


You had 4 spell levels left.
You didn't know any spells.
Your spell library contained the following spells:

 Spells                   Type           Power      Damage    Failure   Level
 Apportation              Tloc           0%         N/A       98%         1
 Necrotise                Necr           0%         1d4       98%         1
 Summon Small Mammal      Summ           0%         N/A       98%         1


Dungeon Overview and Level Annotations

Branches:
Dungeon (4/15)
 Temple: D:4-7

Altars:
Cheibriados
Yredelemnul

Annotations:
D:4 Edmund


Innate Abilities, Weirdness & Mutations

You have a pair of horns on your head.
You reflexively headbutt those who attack you in melee.


Message History

You furiously retaliate!
You headbutt the hound!
You kill the hound!
You hit Edmund but do no damage.
Edmund is severely wounded.
You slash the water moccasin! Edmund hits you but does no damage.
The water moccasin barely misses you.
Edmund hits you with a +1 flail of protection!
You closely miss Edmund. You headbutt Edmund, but do no damage.
Edmund is severely wounded.
You closely miss the water moccasin.
The water moccasin bites you but does no damage.
The water moccasin bites you!
You are poisoned.
The water moccasin poisons you! You block Edmund's attack.
You hit Edmund but do no damage.
Edmund is severely wounded.
You hit the water moccasin.
You feel very sick.
The water moccasin bites you but does no damage.
Edmund hits you with a +1 flail of protection.
The water moccasin closely misses you.
You barely miss Edmund. You headbutt Edmund.
Edmund is severely wounded.
You hit the water moccasin.
* * * LOW HITPOINT WARNING * * *
You feel very sick. The water moccasin bites you.
* * * LOW HITPOINT WARNING * * *
Edmund hits you with a +1 flail of protection.
* * * LOW HITPOINT WARNING * * *
The water moccasin bites you but does no damage.
You barely miss Edmund.
Edmund is severely wounded.
You barely miss the water moccasin.
* * * LOW HITPOINT WARNING * * *
You feel sick.
Edmund hits you with a +1 flail of protection.
* * * LOW HITPOINT WARNING * * *
The water moccasin bites you.
You die...

... .. ..
##.## .... ##.
..####.o# ..
[.....S@# #.
###@#
#.######...# #
#.....##.###.#
#.....##.....#
#.........####
#.....###...#
#.....#
##.....
#.....# ####.
#.......#


You could see Edmund, a water moccasin and an orc.

Vanquished Creatures
  A phantom (D:4)
  A hound (D:4)
  A gnoll (D:1)
  2 adders (D:3)
  A white imp (D:4)
  2 dart slugs
  3 worms
  4 bats
  4 endoplasms
  2 giant cockroaches (D:3)
  6 goblins
  8 hobgoblins
  6 jackals (D:2)
  3 kobolds
  2 quokkas
  8 ball pythons
  3 frilled lizards
  2 rats
  A spectral orc (D:3)
60 creatures vanquished.

Vanquished Creatures (collateral kills)
  A goblin (D:2)
1 creature vanquished.

Grand Total: 61 creatures vanquished

Notes
Turn   | Place    | Note
-------+----------+-------------------------------------------
     0 | D:1      | bmack86 the Minotaur Fighter began the quest for the Orb.
     0 | D:1      | Reached XP level 1. HP: 19/19 MP: 0/0
   138 | D:1      | Reached XP level 2. HP: 27/27 MP: 1/1
   282 | D:1      | Reached skill level 4 in Fighting
   366 | D:1      | HP: 1/27 [gnoll/+0 flail (4)]
   368 | D:1      | Reached XP level 3. HP: 2/33 MP: 2/2
   652 | D:1      | Found a faded altar of an unknown god.
  1771 | D:3      | Identified the +1 buckler of Viatiq {rF- Will+ MP+9 Slay+3}
  1866 | D:3      | Reached XP level 4. HP: 41/41 MP: 3/3
  2090 | D:3      | Found a snail-covered altar of Cheibriados.
  2310 | D:3      | Found a basalt altar of Yredelemnul.
  2502 | D:4      | Noticed a phantom
  2510 | D:4      | Killed a phantom
  2511 | D:4      | Reached skill level 5 in Fighting
  2511 | D:4      | Reached skill level 1 in Throwing
  2511 | D:4      | Reached XP level 5. HP: 48/48 MP: 4/4
  2517 | D:4      | Noticed Edmund
  2518 | D:4      | Noticed a water moccasin
  2528 | D:4      | Slain by a water moccasin

Illustrated notes

Levels and vault maps discovered:
D:1:      lightli_arrival_noodles, layout_basic,
          chequers_ecumenical_altar_simple, minmay_misc_feat_cross
D:2:      layout_basic
D:3:      layout_loops_cross, slow_altar_1, yredelemnul_forgotten_temple_becter
D:4:      layout_basic, uniq_edmund

Skill      XL: |  1  2  3  4 |
---------------+-------------+-----
Fighting       | 4 5 |  5.1
Axes           | 3 4 |  4.4
Armour         | 4 |  4.4
Shields        | 4 |  4.4
Throwing       | 1 |  1.3

Action                   |  1- 3 |  4- 6 || total
-------------------------+-------+-------++-------
Melee: War axe           |    66 |    40 ||   106
       Headbutt          |     4 |     5 ||     9
  Use: Scroll            |     7 |     3 ||    10
Armor: Scale mail        |    18 |       ||    18
       Chain mail        |    45 |    23 ||    68
Dodge: Dodged            |    42 |    19 ||    61
Block: Buckler           |    22 |     9 ||    31

Table legend: (Time is in decaauts)
 A = Elapsed time spent in this place.
 B = Non-inter-level travel time spent in this place.
 C = Inter-level travel time spent in this place.
 D = Time resting spent in this place.
 E = Time spent auto-exploring this place.
 F = Levels seen in this place.
 G = Mean time per level.
                   A        B        C        D        E       F      G
               +--------+--------+--------+--------+--------+-----+--------+
         Total |   2564 |   2474 |     90 |      0 |   1780 |   4 |  641.0 |
       Dungeon |   2564 |   2474 |     90 |      0 |   1780 |   4 |  641.0 |
               +--------+--------+--------+--------+--------+-----+--------+

Top non-repeatable levels by time:
     D:1: 1060 daAuts
     D:3: 803 daAuts
     D:2: 653 daAuts
     D:4: 46 daAuts
